 Dungeon Crawl Stone Soup version 0.19-a0-1922-g1e9a4c1 (webtiles) character file.

607 dobroeutro the Archer (level 7, 0/61 HPs)
             Began as a Centaur Hunter on Oct 24, 2016.
             Shot with an arrow by a centaur (7 damage)
             ... on level 5 of the Dungeon.
             The game lasted 00:09:45 (5958 turns).

dobroeutro the Archer (Centaur Hunter)              Turns: 5958, Time: 00:09:45

Health: 0/61       AC:  5    Str: 15    XL:     7   Next: 19%
Magic:  16/16      EV:  9    Int: 10    God:
Gold:   142        SH:  0    Dex: 11    Spells: 0 memorised, 6 levels left

rFire  . . .     SeeInvis .     p - +4 Vampire's Tooth {vamp}
rCold  . . .     Gourm    .     c - +1 leather armour
rNeg   + . .     Faith    .     (no shield)
rPois  .         Spirit   .     (no helmet)
rElec  .         Reflect  .     (no cloak)
rCorr  .         Harm     .     (no gloves)
MR     .....                    (no barding)
Stlth  +.........               (no amulet)
                                y - ring of magical power
                                v - ring of positive energy

@: very quick
A: hooves 3, deformed body, speed 2, tough skin 3
a: no special abilities


You were on level 5 of the Dungeon.
You were very hungry.

You visited 1 branch of the dungeon, and saw 5 of its levels.

You collected 142 gold pieces.

Inventory:

Hand Weapons
 a - a +1 shortbow
 k - a +2 dagger of venom
 p - the +4 Vampire's Tooth (weapon) {vamp}
   (You found it on level 4 of the Dungeon)

   It inflicts no extra harm, but heals its wielder when it wounds a living foe.
 w - a +0 rapier
 A - a +1 dagger of venom
Missiles
 d - 123 arrows
Armour
 c - a +1 leather armour (worn)
Jewellery
 v - a ring of positive energy (left hand)
 y - a ring of magical power (right hand)
Scrolls
 g - a scroll of identify
 h - a scroll of magic mapping
 j - 2 scrolls of amnesia {unknown}
 n - a scroll of enchant armour
 q - a scroll of fog {unknown}
Potions
 b - a potion of lignification
 e - a potion of haste {unknown}
 i - a potion of flight {unknown}
 l - 2 potions of curing {unknown}
 o - 2 potions of heal wounds {unknown}
 s - a potion of berserk rage {unknown}
 z - 3 potions of degeneration {unknown}
Comestibles
 f - 3 bread rations
 m - a slice of pizza
 r - a beef jerky
 t - 7 fruits
 u - 2 meat rations
 x - a royal jelly


   Skills:
 + Level 5.3 Fighting
 + Level 1.0 Short Blades
 + Level 9.0 Bows
 - Level 1.0 Armour
 - Level 1.3 Dodging
 - Level 0.4 Stealth


You had 6 spell levels left.
You didn't know any spells.

Dungeon Overview and Level Annotations

Branches:
Dungeon (5/15)
 Temple: D:4-7

Altars:
The Shining One

Annotations:
D:4 whitenoisemaker's ghost, amateur DsGl


Innate Abilities, Weirdness & Mutations

You have hooves in place of feet.
Armour fits poorly on your strangely shaped body.
You cover ground very quickly.
You have extremely tough skin. (AC +3)


Message History

You puncture the ogre!
The ogre is moderately wounded.
You hit the ogre. You kick the ogre, but do no damage.
The ogre is moderately wounded.
The ogre completely misses you.
An orc wizard comes into view. It is wielding a dagger.
The orc wizard shouts!
You hit the ogre but do no damage. You kick the ogre, but do no damage.
The ogre is moderately wounded.
The ogre hits you with a giant club!!
An orc priest comes into view. It is wielding a trident.
The orc priest shouts!
You barely miss the ogre. You kick the ogre.
The ogre is heavily wounded.
The ogre hits you with a giant club!!
* * * LOW HITPOINT WARNING * * *
An orc comes into view. It is wielding a flail.
You are too injured to fight recklessly!
The centaur wields a shortbow.
The centaur shoots an arrow.
The arrow hits you!
You die...

## #.###### <......#
........ # ........ ## ..
#....... .######..#
.......#. #.........
......##.# ###..#.#...#
..........####..@.co?o...
.........).#...##.#(#..o#
.............####.O...o..
...........<## ##......#
.......#.....# #......
......###....# ......
..##.. #..... .#....
....... #...# .....###.
..#


You could see an ogre, a centaur, an orc priest, 2 orc wizards and an orc
(wandering).

Vanquished Creatures
  2 vampire bats (D:4)
  2 hounds (D:4)
  2 orc priests (D:3)
  2 iguanas (D:4)
  3 orc wizards (D:3)
  A worker ant (D:4)
  A hound skeleton (D:4)
  7 adders
  A shadow imp (D:5)
  3 oozes
  4 worms
  6 dart slugs
  A leopard gecko (D:4)
  12 orcs
  4 ball pythons
  5 giant cockroaches
  10 goblins
  14 hobgoblins
  6 quokkas
  12 bats
  13 frilled lizards
  15 kobolds
  A leopard gecko skeleton (D:4)
  A quokka skeleton (D:5)
  A quokka zombie (D:5)
  8 rats
137 creatures vanquished.

Notes
Turn   | Place    | Note
-------+----------+-------------------------------------------
     0 | D:1      | dobroeutro the Centaur Hunter began the quest for the Orb.
     0 | D:1      | Reached XP level 1. HP: 17/17 MP: 1/1
   115 | D:1      | Reached XP level 2. HP: 10/24 MP: 2/2
   702 | D:1      | Reached skill level 1 in Short Blades
   702 | D:1      | Reached skill level 6 in Bows
   702 | D:1      | Reached XP level 3. HP: 20/30 MP: 3/3
  1534 | D:2      | Reached XP level 4. HP: 27/37 MP: 4/4
  2255 | D:2      | Reached skill level 1 in Armour
  2765 | D:2      | Reached skill level 7 in Bows
  2791 | D:2      | Reached XP level 5. HP: 25/45 MP: 5/5
  2947 | D:3      | Found a glowing golden altar of the Shining One.
  3346 | D:3      | Found a faded altar of an unknown god.
  3948 | D:4      | Noticed whitenoisemaker's ghost (amateur DsGl)
  3979 | D:3      | Reached XP level 6. HP: 36/52 MP: 6/6
  3995 | D:3      | Reached skill level 8 in Bows
  4651 | D:4      | Reached XP level 7. HP: 50/60 MP: 7/7
  4674 | D:4      | Reached skill level 5 in Fighting
  5070 | D:4      | Reached skill level 9 in Bows
  5287 | D:5      | Entered Level 5 of the Dungeon
  5958 | D:5      | Shot with an arrow by a centaur

Vault maps used:
D:1:      wheals_arrival_shading
D:2:      minmay_heptomino_w4
D:3:      first_bread, ecumenical_altar_2, nicolae_tso_swordbearing_angel
D:4:      st_stairs_11, minmay_guarded_unrand_vampires_tooth
D:5:      corexii_shantytown, chequers_temple_overflow_minitemple, serial_glass,
          glass_columns_a, glass_columns_a, glass_columns_a, glass_columns_b,
          glass_columns_c, glass_columns_b, glass_columns_c, glass_columns_a,
          glass_columns_a, glass_columns_a

Skill      XL: |  1  2  3  4  5  6  7 |
---------------+----------------------+-----
Short Blades   | 1 |  1.0
Bows           | 6 7 8 9 |  9.0
Armour         | 1 |  1.0
Fighting       | 3 4 5 |  5.3
Dodging        | |  1.3
Stealth        | |  0.4

Action                   |  1- 3 |  4- 6 |  7- 9 || total
-------------------------+-------+-------+-------++-------
Melee: Short sword       |    77 |       |       ||    77
       Kick              |    14 |    56 |    22 ||    92
       Dagger            |    36 |   254 |    96 ||   386
  Use: Scroll            |       |     7 |       ||     7
  Eat: Chunk             |     1 |     9 |     2 ||    12
       Bread ration      |       |     1 |       ||     1
Armor: Leather armour    |    29 |    82 |    15 ||   126
Dodge: Dodged            |    52 |   103 |    31 ||   186
